Panthers vs Penguins
(R1)
Created - 6 mai 2016 at 19:03
Goals
|
| Panthers |
2 |
2 |
1 |
5 |
| Penguins |
3 |
3 |
0 |
6 |
|
Shots
|
| Panthers |
13 |
10 |
7 |
30 |
| Penguins |
12 |
22 |
3 |
37 |
|
1st period
1. Penguins , Nathan Horton 1 (Duncan Keith) at 5:49 (SH)
2. Panthers , Peter Prucha 1 (Scott Gomez) at 8:06
3. Penguins , Simon Gagné 1 (Ryan Kesler, Nathan Horton) at 13:16 (PP)
4. Panthers , Peter Prucha 2 (Scott Gomez, Steve Montador) at 15:50 (SH)
5. Penguins , Ryan Kesler 1 (Nathan Horton) at 16:26 (PP)
Penalties :
Brendan Smith (Pit) for Tripping (Minor) at 5:06, Scott Gomez (Flo) for Holding (Minor) at 10:04, Keith Aulie (Flo) for Boarding (Minor) at 13:04, Keith Aulie (Flo) for Roughing (Minor) at 15:10, Nathan Horton (Pit) for Tripping (Minor) at 16:39
2nd period
6. Penguins , Nathan Horton 2 (Simon Gagné, Dion Phaneuf) at 4:53
7. Panthers , Branko Radivojevic 1 (Jeff Tambellini, Bryan McCabe) at 9:32
8. Penguins , Denis Arkhipov 1 (Ladislav Nagy) at 12:41
9. Penguins , Ryan Kesler 2 (Dion Phaneuf) at 12:55
10. Panthers , Matthew Spiller 1 (Peter Prucha, Scott Gomez) at 14:11 (PP)
Penalties :
Taylor Hall (Flo) for Roughing (Minor) at 0:22, Dustin Penner (Pit) for Elbowing (Minor) at 6:33, Matthew Spiller (Flo) for Hooking (Minor) at 10:10, Dustin Penner (Pit) for Hooking (Minor) at 13:23, Bryan McCabe (Flo) for Slashing (Minor) at 19:50
3rd period
11. Panthers , Peter Prucha 3 (Scott Gomez, Lubomir Visnovsky) at 16:47 (PP)
Penalties :
Matthew Spiller (Flo) for Roughing (Minor) at 2:32, Dustin Penner (Pit) for Holding (Minor) at 9:27, Denis Arkhipov (Pit) for Tripping (Minor) at 12:34, Oleg Kvasha (Pit) for Hooking (Minor) at 16:13, Taylor Hall (Flo) for Hooking (Minor) at 18:28
Goalie Stats
Antti Niemi (Flo), 12 saves from 16 shots - (0,750), 24:53 minutes
Jeff Deslauriers (Flo), 19 saves from 21 shots - (0,905), L, 0-1-0, 35:07 minutes
Brian Elliott (Pit), 25 saves from 30 shots - (0,833), W, 1-0-0, 60:00 minutes
Players Stats for Panthers
Player Name G A P +/- PIM S H SB GA TA FO MP PP MP PK MP
------------------------------------------------------------------------------------
Alexander Perezhogin 0 0 0 -1 0 1 1 0 0 0 0/0 5:52 0:00 0:00
Branko Radivojevic 1 0 1 1 0 1 1 0 1 0 0/1 9:31 0:48 0:00
Bryan McCabe 0 1 1 -1 2 0 2 0 0 0 0/0 19:45 4:33 4:32
Daniel Paille 0 0 0 1 0 3 0 0 0 0 0/0 14:18 4:36 1:22
Jeff Tambellini 0 1 1 1 0 3 0 1 0 1 1/2 9:28 0:45 0:00
Keith Aulie 0 0 0 1 4 1 0 0 0 0 0/0 9:10 0:00 2:33
Lubomir Visnovsky 0 1 1 -1 0 2 4 1 1 1 0/0 32:49 6:44 7:13
Marian Hossa 0 0 0 -3 0 4 0 0 0 0 1/3 25:56 5:56 7:29
Mats Sundin 0 0 0 1 0 2 1 1 0 0 5/8 8:26 0:00 0:28
Matthew Spiller 1 0 1 -1 4 2 1 0 0 3 0/0 19:16 4:33 3:43
Nick Schultz 0 0 0 1 0 0 0 1 0 0 0/0 7:03 0:00 0:17
Peter Prucha 3 1 4 2 0 4 0 0 0 1 1/1 16:55 4:33 4:03
Rickard Wallin 0 0 0 -1 0 0 0 0 0 1 1/4 5:52 0:00 0:00
Ryan Bayda 0 0 0 -1 0 0 1 0 1 0 0/0 8:15 0:00 1:29
Scott Gomez 0 4 4 2 2 3 2 0 1 0 4/15 16:22 4:36 3:28
Sidney Crosby 0 0 0 -3 0 3 3 0 1 0 21/39 27:09 6:41 7:29
Steve Montador 0 1 1 -1 0 0 5 2 0 2 0/0 32:23 6:44 7:30
Taylor Hall 0 0 0 -3 4 1 0 0 0 0 0/0 18:28 5:56 0:00
Players Stats for Penguins
Player Name G A P +/- PIM S H SB GA TA FO MP PP MP PK MP
------------------------------------------------------------------------------------
Bobby Ryan 0 0 0 -1 0 1 2 1 1 0 0/1 19:44 5:08 2:58
Brendan Smith 0 0 0 0 2 1 0 1 0 0 0/0 10:13 0:00 0:00
Brian McGrattan 0 0 0 -1 0 0 0 0 0 0 1/1 5:50 0:00 0:00
Brooks Orpik 0 0 0 0 0 0 2 2 0 0 0/0 20:29 5:02 3:49
David Jones 0 0 0 0 0 1 0 0 0 1 0/0 8:31 0:00 0:00
Denis Arkhipov 1 0 1 -1 2 3 0 0 1 0 3/5 7:22 0:00 1:27
Dion Phaneuf 0 2 2 1 0 5 2 2 2 1 0/0 29:45 7:52 7:28
Duncan Keith 0 1 1 0 0 1 0 1 0 0 0/0 20:29 5:02 3:49
Dustin Penner 0 0 0 -1 6 2 2 1 1 0 0/0 16:42 5:08 0:21
Ladislav Nagy 0 1 1 0 0 1 0 0 2 0 1/1 6:55 0:00 1:02
Nathan Horton 2 2 4 3 2 4 1 1 2 2 2/2 20:54 7:46 2:57
Oleg Kvasha 0 0 0 0 2 0 0 1 0 0 2/6 9:12 0:00 0:39
Paul Ranger 0 0 0 0 0 0 0 0 0 0 0/0 9:46 0:00 0:00
Ryan Kesler 2 1 3 2 0 5 0 0 0 0 24/44 23:52 7:46 6:22
Sean Zimmerman 0 0 0 1 0 0 2 0 0 0 0/0 29:45 7:52 7:28
Simon Gagné 1 1 2 2 0 6 2 0 0 0 3/4 24:18 7:46 6:48
Steve Sullivan 0 0 0 0 0 1 3 0 0 0 2/2 8:31 0:00 0:00
Steven Stamkos 0 0 0 -1 0 6 1 0 0 1 1/7 16:18 5:08 0:00
3 Stars
1 - Peter Prucha (Flo)
2 - Nathan Horton (Pit)
3 - Ryan Kesler (Pit)
Power Play
Panthers - 2 on 7 Attempt(s) - 28,57%
Penguins - 2 on 8 Attempt(s) - 25,00%
Penalty Kill
Panthers - 6 on 8 Attempt(s) - 75,00%
- Score 1 goal in Penalty Kill
Penguins - 5 on 7 Attempt(s) - 71,43%
- Score 1 goal in Penalty Kill
Team Stat
Panthers - Hits : 21 - Faceoff Wins : 34 - Blocked Shots : 6 - Penalty Minutes : 16
Penguins - Hits : 17 - Faceoff Wins : 39 - Blocked Shots : 10 - Penalty Minutes : 14
Official
Referees : Rooney Chris and Watson Brad
Linesman : Greg Devorski and Scott Cherrey
Game Notes
Jeff Deslauriers enters game at 4:53 of 2nd period
Peter Prucha has scored a Hat Trick!
Finance
Level 1 -- Attendance: 6000 (100,00%) -- Ticket Income 462 000 $
Level 2 -- Attendance: 5000 (100,00%) -- Ticket Income 225 000 $
Level 3 -- Attendance: 2000 (100,00%) -- Ticket Income 56 000 $
Level 4 -- Attendance: 4000 (100,00%) -- Ticket Income 80 000 $
Luxury Box -- Attendance: 1000 (100,00%) -- Ticket Income 160 000 $
Game was played at the Igloo.
Total Attendance: 18000 (100,00%)
Total Ticket Income: 983 000 $
Other Income: 147 450 $
Total Income: 1 130 450 $
Panthers
5 vs 5 Forward
Center Left Wing Right Wing Time % Phy DF OF
1 Sidney Crosby Taylor Hall Marian Hossa 40 1 2 2
2 Scott Gomez Daniel Paille Peter Prucha 30 1 2 2
3 Mats Sundin Jeff Tambellini Branko Radivojevic 20 1 2 2
4 Rickard Wallin Ryan Bayda Alexander Perezhogin 10 1 2 2
5 vs 5 Defense
Defense Defense Time % Phy DF OF
1 Steve Montador Lubomir Visnovsky 40 1 2 2
2 Matthew Spiller Bryan McCabe 30 1 2 2
3 Nick Schultz Keith Aulie 20 1 2 2
4 Steve Montador Lubomir Visnovsky 10 1 2 2
PowerPlay Forward
Center Left Wing Right Wing Time % Phy DF OF
1 Sidney Crosby Taylor Hall Marian Hossa 60 1 2 2
2 Scott Gomez Daniel Paille Peter Prucha 40 1 2 2
PowerPlay Defense
Defense Defense Time % Phy DF OF
1 Steve Montador Lubomir Visnovsky 60 1 2 2
2 Matthew Spiller Bryan McCabe 40 1 2 2
Penalty Kill 4 Players Forward
Center Wing Time % Phy DF OF
1 Sidney Crosby Marian Hossa 60 1 2 2
2 Scott Gomez Peter Prucha 40 1 2 2
Penalty Kill 4 Players Defense
Defense Defense Time % Phy DF OF
1 Steve Montador Lubomir Visnovsky 60 1 2 2
2 Matthew Spiller Bryan McCabe 40 1 2 2
Penalty Kill - 3 Players Forward
Forward Time % Phy DF OF
1 Sidney Crosby 60 1 2 2
2 Marian Hossa 40 1 2 2
Penalty Kill - 3 Players Defense
Defense Defense Time % Phy DF OF
1 Steve Montador Lubomir Visnovsky 60 1 2 2
2 Matthew Spiller Bryan McCabe 40 1 2 2
4 vs 4 Forward
Center Wing Time % Phy DF OF
1 Sidney Crosby Marian Hossa 60 1 2 2
2 Scott Gomez Peter Prucha 40 1 2 2
4 vs 4 Defense
Defense Defense Time % Phy DF OF
1 Steve Montador Lubomir Visnovsky 60 1 2 2
2 Matthew Spiller Bryan McCabe 40 1 2 2
Last Minutes Offensive
Center Left Wing Right Wing Defense Defense
Sidney Crosby Daniel Paille Marian Hossa Steve Montador Lubomir Visnovsky
Last Minutes Defensive
Center Left Wing Right Wing Defense Defense
Sidney Crosby Daniel Paille Marian Hossa Steve Montador Lubomir Visnovsky
Goaltenders
Starting : Antti Niemi
Backup : Jeff Deslauriers
Extra Forwards
Normal : Branko Radivojevic, Jeff Tambellini, Ryan Bayda - PP : Branko Radivojevic, Jeff Tambellini - PK : Ryan Bayda
Extra Defensemen
Normal : Nick Schultz, Keith Aulie, Matthew Spiller - PP : Nick Schultz - PK : Keith Aulie, Matthew Spiller
Penalty Shots
Sidney Crosby, Marian Hossa, Scott Gomez, Peter Prucha, Daniel Paille
Penguins
5 vs 5 Forward
Center Left Wing Right Wing Time % Phy DF OF
1 Ryan Kesler Simon Gagné Nathan Horton 40 0 2 3
2 Steven Stamkos Dustin Penner Bobby Ryan 30 0 2 3
3 Oleg Kvasha Steve Sullivan David Jones 20 0 2 3
4 Denis Arkhipov Ladislav Nagy Brian McGrattan 10 0 2 3
5 vs 5 Defense
Defense Defense Time % Phy DF OF
1 Sean Zimmerman Dion Phaneuf 40 1 2 2
2 Brooks Orpik Duncan Keith 30 1 2 2
3 Paul Ranger Brendan Smith 20 1 2 2
4 Sean Zimmerman Dion Phaneuf 10 1 2 2
PowerPlay Forward
Center Left Wing Right Wing Time % Phy DF OF
1 Ryan Kesler Simon Gagné Nathan Horton 60 0 1 4
2 Steven Stamkos Dustin Penner Bobby Ryan 40 0 1 4
PowerPlay Defense
Defense Defense Time % Phy DF OF
1 Sean Zimmerman Dion Phaneuf 60 0 2 3
2 Brooks Orpik Duncan Keith 40 0 2 3
Penalty Kill 4 Players Forward
Center Wing Time % Phy DF OF
1 Ryan Kesler Simon Gagné 60 0 4 1
2 Nathan Horton Bobby Ryan 40 0 4 1
Penalty Kill 4 Players Defense
Defense Defense Time % Phy DF OF
1 Sean Zimmerman Dion Phaneuf 60 1 4 0
2 Brooks Orpik Duncan Keith 40 1 4 0
Penalty Kill - 3 Players Forward
Forward Time % Phy DF OF
1 Ryan Kesler 60 0 4 1
2 Simon Gagné 40 0 4 1
Penalty Kill - 3 Players Defense
Defense Defense Time % Phy DF OF
1 Sean Zimmerman Dion Phaneuf 60 1 4 0
2 Brooks Orpik Duncan Keith 40 1 4 0
4 vs 4 Forward
Center Wing Time % Phy DF OF
1 Ryan Kesler Simon Gagné 60 0 2 3
2 Nathan Horton Bobby Ryan 40 0 2 3
4 vs 4 Defense
Defense Defense Time % Phy DF OF
1 Sean Zimmerman Dion Phaneuf 60 1 2 2
2 Brooks Orpik Duncan Keith 40 1 2 2
Last Minutes Offensive
Center Left Wing Right Wing Defense Defense
Ryan Kesler Simon Gagné Nathan Horton Sean Zimmerman Dion Phaneuf
Last Minutes Defensive
Center Left Wing Right Wing Defense Defense
Ryan Kesler Simon Gagné Nathan Horton Sean Zimmerman Dion Phaneuf
Goaltenders
Starting : Brian Elliott
Backup : Josh Tordjman
Extra Forwards
Normal : Steven Stamkos, Ryan Kesler, Oleg Kvasha - PP : Steven Stamkos, Ryan Kesler - PK : Nathan Horton
Extra Defensemen
Normal : Dion Phaneuf, Duncan Keith, Brendan Smith - PP : Brendan Smith - PK : Dion Phaneuf, Duncan Keith
Penalty Shots
Ryan Kesler, Simon Gagné, Nathan Horton, Bobby Ryan, Dustin Penner
% Time on Ice - Panthers
Lines # - Real PCT - Wanted PCT - Time Play
Normal Forward
1 - 37% - 40% - 13:23
2 - 24% - 30% - 8:36
3 - 22% - 20% - 7:58
4 - 16% - 10% - 5:52
Normal Defense
1 - 45% - 40% - 16:06
2 - 31% - 30% - 11:01
3 - 19% - 20% - 6:39
4 - 6% - 10% - 2:03
PP Forward
1 - 59% - 60% - 6:41
2 - 41% - 40% - 4:36
PP Defense
1 - 60% - 60% - 6:44
2 - 40% - 40% - 4:33
PK Forward
1 - 69% - 60% - 8:51
2 - 31% - 40% - 4:03
PK Defense
1 - 62% - 60% - 7:57
2 - 38% - 40% - 4:57
PK3 Forward
1 - 0% - 60%
2 - 0% - 40%
PK3 Defense
1 - 0% - 60%
2 - 0% - 40%
44 Forward
1 - 0% - 60%
2 - 0% - 40%
44 Defense
1 - 0% - 60%
2 - 0% - 40%
Last Minute Offensive - 0:00
Last Minute Defensive - 0:00
Total
Forward - 60:00
Defense - 60:00
|
% Time on Ice - Penguins
Lines # - Real PCT - Wanted PCT - Time Play
Normal Forward
1 - 27% - 40% - 9:50
2 - 32% - 30% - 11:38
3 - 24% - 20% - 8:31
4 - 16% - 10% - 5:50
Normal Defense
1 - 39% - 40% - 14:08
2 - 32% - 30% - 11:38
3 - 27% - 20% - 9:46
4 - 1% - 10% - 0:17
PP Forward
1 - 60% - 60% - 7:46
2 - 40% - 40% - 5:08
PP Defense
1 - 61% - 60% - 7:52
2 - 39% - 40% - 5:02
PK Forward
1 - 71% - 60% - 8:02
2 - 29% - 40% - 3:15
PK Defense
1 - 66% - 60% - 7:28
2 - 34% - 40% - 3:49
PK3 Forward
1 - 0% - 60%
2 - 0% - 40%
PK3 Defense
1 - 0% - 60%
2 - 0% - 40%
44 Forward
1 - 0% - 60%
2 - 0% - 40%
44 Defense
1 - 0% - 60%
2 - 0% - 40%
Last Minute Offensive - 0:00
Last Minute Defensive - 0:00
Total
Forward - 60:00
Defense - 60:00
|
Play by Play
1st period
0:01 of 1st period - Sidney Crosby wins face-off versus Ryan Kesler in neutral zone.
0:52 of 1st period - Brooks Orpik is hit by Bryan McCabe and loses puck.
1:09 of 1st period - Wrist shot by Ladislav Nagy.
1:09 of 1st period - Shot Misses the Net.
1:11 of 1st period - Wrist shot by Paul Ranger.
1:11 of 1st period - Shot Blocked by Mats Sundin.
1:13 of 1st period - Snap shot by Ladislav Nagy.
1:13 of 1st period - Stopped by Antti Niemi with a rebound.
1:15 of 1st period - Snap shot by Denis Arkhipov.
1:15 of 1st period - Stopped by Antti Niemi without a rebound.
1:16 of 1st period - Denis Arkhipov wins face-off versus Rickard Wallin in Panthers zone.
1:45 of 1st period - Slapshot by Denis Arkhipov.
1:45 of 1st period - Deflect By Ladislav Nagy.
1:45 of 1st period - Shot Misses the Net.
1:45 of 1st period - Puck is out of play.
1:46 of 1st period - Sidney Crosby wins face-off versus Ryan Kesler in Panthers zone.
1:53 of 1st period - Snap shot by Ryan Kesler.
1:53 of 1st period - Shot Misses the Net.
1:55 of 1st period - Slapshot by Dion Phaneuf.
1:55 of 1st period - Stopped by Antti Niemi without a rebound.
1:56 of 1st period - Sidney Crosby wins face-off versus Ryan Kesler in Panthers zone.
2:13 of 1st period - Wrist shot by Simon Gagné.
2:13 of 1st period - Shot Misses the Net.
2:21 of 1st period - Sidney Crosby is hit by Simon Gagné and loses puck.
2:41 of 1st period - Wrist shot by Marian Hossa.
2:41 of 1st period - Shot Misses the Net.
2:45 of 1st period - Snap shot by Marian Hossa.
2:45 of 1st period - Stopped by Brian Elliott with a rebound.
2:47 of 1st period - Slapshot by Steve Montador.
2:47 of 1st period - Shot Blocked by Nathan Horton.
2:49 of 1st period - Snap shot by Marian Hossa.
2:49 of 1st period - Stopped by Brian Elliott without a rebound.
2:50 of 1st period - Peter Prucha wins face-off versus Steven Stamkos in Penguins zone.
2:53 of 1st period - Snap shot by Peter Prucha.
2:53 of 1st period - Shot Misses the Net.
2:55 of 1st period - Snap shot by Peter Prucha.
2:55 of 1st period - Shot Blocked by Duncan Keith.
2:57 of 1st period - Slapshot by Keith Aulie.
2:57 of 1st period - Stopped by Brian Elliott without a rebound.
2:58 of 1st period - Scott Gomez wins face-off versus Steven Stamkos in Penguins zone.
3:03 of 1st period - Wrist shot by Daniel Paille.
3:03 of 1st period - Stopped by Brian Elliott without a rebound.
3:04 of 1st period - Steven Stamkos wins face-off versus Scott Gomez in Penguins zone.
4:00 of 1st period - Snap shot by Dustin Penner.
4:00 of 1st period - Stopped by Antti Niemi with a rebound.
4:18 of 1st period - Snap shot by Peter Prucha.
4:18 of 1st period - Shot Misses the Net.
4:20 of 1st period - Wrist shot by Peter Prucha.
4:20 of 1st period - Shot Misses the Net.
4:22 of 1st period - Snap shot by Scott Gomez.
4:22 of 1st period - Shot Blocked by Bobby Ryan.
4:44 of 1st period - Snap shot by Peter Prucha.
4:44 of 1st period - Shot Blocked by Brendan Smith.
4:57 of 1st period - Slapshot by Scott Gomez.
4:57 of 1st period - Shot Misses the Net.
5:06 of 1st period - Minor Penalty to Brendan Smith for Tripping.
5:07 of 1st period - Ryan Kesler wins face-off versus Sidney Crosby in Penguins zone.
5:49 of 1st period - Wrist shot by Nathan Horton.
5:49 of 1st period - Goal by Nathan Horton - Panthers : 0 - Penguins : 1.
5:50 of 1st period - Ryan Kesler wins face-off versus Sidney Crosby in neutral zone.
6:24 of 1st period - Snap shot by Simon Gagné.
6:24 of 1st period - Stopped by Antti Niemi without a rebound.
6:25 of 1st period - Ladislav Nagy wins face-off versus Jeff Tambellini in Panthers zone.
6:26 of 1st period - Snap shot by Nathan Horton.
6:26 of 1st period - Shot Misses the Net.
6:37 of 1st period - Icing by Lubomir Visnovsky.
6:38 of 1st period - Ryan Kesler wins face-off versus Sidney Crosby in Panthers zone.
7:06 of 1st period - Penalty to Brendan Smith is over, Brendan Smith is back on ice.
7:21 of 1st period - Snap shot by Jeff Tambellini.
7:21 of 1st period - Shot Misses the Net.
7:29 of 1st period - Wrist shot by Sidney Crosby.
7:29 of 1st period - Shot Blocked by Dion Phaneuf.
7:31 of 1st period - Slapshot by Lubomir Visnovsky.
7:31 of 1st period - Deflect By Bobby Ryan.
7:31 of 1st period - Stopped by Brian Elliott with a rebound.
7:33 of 1st period - Wrist shot by Jeff Tambellini.
7:33 of 1st period - Deflect By Dion Phaneuf.
7:33 of 1st period - Shot Blocked by Dion Phaneuf.
7:33 of 1st period - Puck is out of play.
7:34 of 1st period - Oleg Kvasha wins face-off versus Rickard Wallin in Penguins zone.
8:06 of 1st period - Wrist shot by Scott Gomez.
8:06 of 1st period - Deflect By Peter Prucha.
8:06 of 1st period - Goal by Peter Prucha - Panthers : 1 - Penguins : 1.
8:07 of 1st period - Ryan Kesler wins face-off versus Mats Sundin in neutral zone.
8:39 of 1st period - Backhand shot by Scott Gomez.
8:39 of 1st period - Stopped by Brian Elliott without a rebound.
8:40 of 1st period - Steve Sullivan wins face-off versus Sidney Crosby in Penguins zone.
8:55 of 1st period - Slapshot by Duncan Keith.
8:55 of 1st period - Stopped by Antti Niemi with a rebound.
9:29 of 1st period - Wrist shot by Nathan Horton.
9:29 of 1st period - Stopped by Antti Niemi with a rebound.
9:47 of 1st period - Lubomir Visnovsky is hit by Dustin Penner and loses puck.
9:54 of 1st period - Slapshot by Steven Stamkos.
9:54 of 1st period - Shot Blocked by Lubomir Visnovsky.
10:04 of 1st period - Minor Penalty to Scott Gomez for Holding.
10:05 of 1st period - Ryan Kesler wins face-off versus Sidney Crosby in Panthers zone.
10:18 of 1st period - Sidney Crosby is hit by Simon Gagné.
10:32 of 1st period - Matthew Spiller is hit by Dion Phaneuf and loses puck.
10:41 of 1st period - Slapshot by Dustin Penner.
10:41 of 1st period - Shot Misses the Net.
10:43 of 1st period - Slapshot by Sean Zimmerman.
10:43 of 1st period - Shot Misses the Net.
12:04 of 1st period - Penalty to Scott Gomez is over, Scott Gomez is back on ice.
12:16 of 1st period - Slapshot by Peter Prucha.
12:16 of 1st period - Stopped by Brian Elliott without a rebound.
12:17 of 1st period - Jeff Tambellini wins face-off versus Oleg Kvasha in Penguins zone.
12:18 of 1st period - Snap shot by Branko Radivojevic.
12:18 of 1st period - Shot Misses the Net.
12:20 of 1st period - Slapshot by Keith Aulie.
12:20 of 1st period - Shot Blocked by Oleg Kvasha.
12:22 of 1st period - Wrist shot by Jeff Tambellini.
12:22 of 1st period - Stopped by Brian Elliott without a rebound.
12:23 of 1st period - Mats Sundin wins face-off versus Oleg Kvasha in Penguins zone.
12:38 of 1st period - Wrist shot by David Jones.
12:38 of 1st period - Deflect By Mats Sundin.
12:38 of 1st period - Stopped by Antti Niemi with a rebound.
12:50 of 1st period - Wrist shot by Ryan Kesler.
12:50 of 1st period - Shot Misses the Net.
13:04 of 1st period - Minor Penalty to Keith Aulie for Boarding.
13:05 of 1st period - Sidney Crosby wins face-off versus Ryan Kesler in Panthers zone.
13:16 of 1st period - Snap shot by Simon Gagné.
13:16 of 1st period - Goal by Simon Gagné - Panthers : 1 - Penguins : 2.
13:17 of 1st period - Ryan Kesler wins face-off versus Marian Hossa in neutral zone.
13:20 of 1st period - Slapshot by Sean Zimmerman.
13:20 of 1st period - Shot Blocked by Steve Montador.
13:22 of 1st period - Snap shot by Dion Phaneuf.
13:22 of 1st period - Deflect By Marian Hossa.
13:22 of 1st period - Stopped by Antti Niemi with a rebound.
13:52 of 1st period - Snap shot by Jeff Tambellini.
13:52 of 1st period - Shot Misses the Net.
14:15 of 1st period - Snap shot by Daniel Paille.
14:15 of 1st period - Stopped by Brian Elliott without a rebound.
14:16 of 1st period - Ryan Kesler wins face-off versus Sidney Crosby in Penguins zone.
14:16 of 1st period - Ryan Kesler is hit by Sidney Crosby.
14:42 of 1st period - Duncan Keith is hit by Matthew Spiller and loses puck.
15:10 of 1st period - Minor Penalty to Keith Aulie for Roughing.
15:11 of 1st period - Sidney Crosby wins face-off versus Ryan Kesler in Panthers zone.
15:50 of 1st period - Slapshot by Peter Prucha.
15:50 of 1st period - Goal by Peter Prucha - Panthers : 2 - Penguins : 2.
15:51 of 1st period - Ryan Kesler wins face-off versus Sidney Crosby in neutral zone.
15:53 of 1st period - Dion Phaneuf is hit by Lubomir Visnovsky and loses puck.
16:16 of 1st period - Dion Phaneuf is hit by Steve Montador and loses puck.
16:22 of 1st period - Off-side.
16:23 of 1st period - Ryan Kesler wins face-off versus Scott Gomez in neutral zone.
16:26 of 1st period - Snap shot by Ryan Kesler.
16:26 of 1st period - Goal by Ryan Kesler - Panthers : 2 - Penguins : 3.
16:27 of 1st period - Ryan Kesler wins face-off versus Sidney Crosby in neutral zone.
16:39 of 1st period - Minor Penalty to Nathan Horton for Tripping.
16:40 of 1st period - Sidney Crosby wins face-off versus Ryan Kesler in Penguins zone.
18:24 of 1st period - Icing by Peter Prucha.
18:25 of 1st period - Oleg Kvasha wins face-off versus Scott Gomez in Panthers zone.
18:36 of 1st period - Dion Phaneuf is hit by Steve Montador and loses puck.
18:39 of 1st period - Penalty to Nathan Horton is over, Nathan Horton is back on ice.
18:47 of 1st period - Bryan McCabe is hit by Bobby Ryan and loses puck.
18:58 of 1st period - Dustin Penner is hit by Mats Sundin and loses puck.
19:13 of 1st period - Snap shot by Alexander Perezhogin.
19:13 of 1st period - Stopped by Brian Elliott with a rebound.
19:33 of 1st period - Slapshot by Sidney Crosby.
19:33 of 1st period - Deflect By David Jones.
19:33 of 1st period - Stopped by Brian Elliott with a rebound.
19:51 of 1st period - Oleg Kvasha is hit by Scott Gomez and loses puck.
Goals for this period are 2 for Panthers vs 3 for Penguins.
Shots for this period are 13 for Panthers vs 12 for Penguins.
2nd period
0:01 of 2nd period - Nathan Horton wins face-off versus Sidney Crosby in neutral zone.
0:22 of 2nd period - Minor Penalty to Taylor Hall for Roughing.
0:23 of 2nd period - Simon Gagné wins face-off versus Sidney Crosby in Panthers zone.
0:24 of 2nd period - Slapshot by Ryan Kesler.
0:24 of 2nd period - Deflect By Sidney Crosby.
0:24 of 2nd period - Shot Misses the Net.
0:24 of 2nd period - Puck is out of play.
0:25 of 2nd period - Sidney Crosby wins face-off versus Simon Gagné in Panthers zone.
0:25 of 2nd period - Sidney Crosby is hit by Dion Phaneuf.
0:46 of 2nd period - Icing by Simon Gagné.
0:47 of 2nd period - Sidney Crosby wins face-off versus Ryan Kesler in Penguins zone.
0:48 of 2nd period - Snap shot by Marian Hossa.
0:48 of 2nd period - Stopped by Brian Elliott without a rebound.
0:49 of 2nd period - Sidney Crosby wins face-off versus Ryan Kesler in Penguins zone.
1:18 of 2nd period - Slapshot by Dion Phaneuf.
1:18 of 2nd period - Stopped by Antti Niemi without a rebound.
1:19 of 2nd period - Ryan Kesler wins face-off versus Scott Gomez in Panthers zone.
1:22 of 2nd period - Wrist shot by Simon Gagné.
1:22 of 2nd period - Deflect By Nathan Horton.
1:22 of 2nd period - Shot Misses the Net.
1:22 of 2nd period - Puck is out of play.
1:23 of 2nd period - Nathan Horton wins face-off versus Scott Gomez in Panthers zone.
1:58 of 2nd period - Slapshot by Nathan Horton.
1:58 of 2nd period - Shot Misses the Net.
2:22 of 2nd period - Penalty to Taylor Hall is over, Taylor Hall is back on ice.
2:24 of 2nd period - Snap shot by Ryan Kesler.
2:24 of 2nd period - Deflect By Nathan Horton.
2:24 of 2nd period - Shot Misses the Net.
2:24 of 2nd period - Puck is out of play.
2:25 of 2nd period - Mats Sundin wins face-off versus Bobby Ryan in Panthers zone.
3:43 of 2nd period - Snap shot by Steven Stamkos.
3:43 of 2nd period - Stopped by Antti Niemi with a rebound.
3:55 of 2nd period - Sean Zimmerman is hit by Bryan McCabe and loses puck.
4:06 of 2nd period - Wrist shot by Ryan Bayda.
4:06 of 2nd period - Shot Blocked by Brooks Orpik.
4:24 of 2nd period - Wrist shot by Sidney Crosby.
4:24 of 2nd period - Stopped by Brian Elliott without a rebound.
4:25 of 2nd period - Brian McGrattan wins face-off versus Sidney Crosby in Penguins zone.
4:38 of 2nd period - Snap shot by Ladislav Nagy.
4:38 of 2nd period - Deflect By Brian McGrattan.
4:38 of 2nd period - Shot Misses the Net.
4:38 of 2nd period - Puck is out of play.
4:39 of 2nd period - Sidney Crosby wins face-off versus Ryan Kesler in Panthers zone.
4:39 of 2nd period - Sidney Crosby is hit by Nathan Horton.
4:51 of 2nd period - Slapshot by Simon Gagné.
4:51 of 2nd period - Stopped by Antti Niemi with a rebound.
4:53 of 2nd period - Slapshot by Nathan Horton.
4:53 of 2nd period - Goal by Nathan Horton - Panthers : 2 - Penguins : 4.
4:53 of 2nd period - Jeff Deslauriers enters game.
4:54 of 2nd period - Ryan Kesler wins face-off versus Marian Hossa in neutral zone.
5:19 of 2nd period - Daniel Paille is hit by Dustin Penner and loses puck.
5:30 of 2nd period - Snap shot by Dustin Penner.
5:30 of 2nd period - Stopped by Jeff Deslauriers without a rebound.
5:31 of 2nd period - Sidney Crosby wins face-off versus Ryan Kesler in Panthers zone.
5:40 of 2nd period - Slapshot by Simon Gagné.
5:40 of 2nd period - Shot Misses the Net.
5:44 of 2nd period - Wrist shot by Simon Gagné.
5:44 of 2nd period - Shot Misses the Net.
6:33 of 2nd period - Minor Penalty to Dustin Penner for Elbowing.
6:34 of 2nd period - Scott Gomez wins face-off versus Ryan Kesler in Penguins zone.
6:50 of 2nd period - Snap shot by Simon Gagné.
6:50 of 2nd period - Stopped by Jeff Deslauriers without a rebound.
6:51 of 2nd period - Ryan Kesler wins face-off versus Scott Gomez in Panthers zone.
6:56 of 2nd period - Snap shot by Ryan Kesler.
6:56 of 2nd period - Shot Misses the Net.
8:33 of 2nd period - Penalty to Dustin Penner is over, Dustin Penner is back on ice.
8:50 of 2nd period - Wrist shot by Mats Sundin.
8:50 of 2nd period - Stopped by Brian Elliott with a rebound.
9:08 of 2nd period - Wrist shot by Ryan Bayda.
9:08 of 2nd period - Shot Blocked by Dustin Penner.
9:22 of 2nd period - Backhand shot by Denis Arkhipov.
9:22 of 2nd period - Stopped by Jeff Deslauriers without a rebound.
9:23 of 2nd period - Mats Sundin wins face-off versus Denis Arkhipov in Panthers zone.
9:32 of 2nd period - Snap shot by Branko Radivojevic.
9:32 of 2nd period - Goal by Branko Radivojevic - Panthers : 3 - Penguins : 4.
9:33 of 2nd period - Sidney Crosby wins face-off versus Ryan Kesler in neutral zone.
9:36 of 2nd period - Sean Zimmerman is hit by Steve Montador and loses puck.
10:03 of 2nd period - Snap shot by Steven Stamkos.
10:03 of 2nd period - Stopped by Jeff Deslauriers with a rebound.
10:05 of 2nd period - Slapshot by Dion Phaneuf.
10:05 of 2nd period - Stopped by Jeff Deslauriers without a rebound.
10:06 of 2nd period - Ryan Kesler wins face-off versus Scott Gomez in Panthers zone.
10:10 of 2nd period - Minor Penalty to Matthew Spiller for Hooking.
10:11 of 2nd period - Ryan Kesler wins face-off versus Sidney Crosby in Panthers zone.
10:13 of 2nd period - Snap shot by Ryan Kesler.
10:13 of 2nd period - Shot Misses the Net.
10:15 of 2nd period - Snap shot by Nathan Horton.
10:15 of 2nd period - Deflect By Ryan Kesler.
10:15 of 2nd period - Stopped by Jeff Deslauriers with a rebound.
10:19 of 2nd period - Wrist shot by Ryan Kesler.
10:19 of 2nd period - Deflect By Steve Montador.
10:19 of 2nd period - Shot Misses the Net.
10:19 of 2nd period - Puck is out of play.
10:20 of 2nd period - Sidney Crosby wins face-off versus Ryan Kesler in Panthers zone.
10:55 of 2nd period - Snap shot by Nathan Horton.
10:55 of 2nd period - Stopped by Jeff Deslauriers with a rebound.
10:57 of 2nd period - Slapshot by Sean Zimmerman.
10:57 of 2nd period - Deflect By Simon Gagné.
10:57 of 2nd period - Stopped by Jeff Deslauriers without a rebound.
10:58 of 2nd period - Scott Gomez wins face-off versus Steven Stamkos in Panthers zone.
11:08 of 2nd period - Snap shot by Duncan Keith.
11:08 of 2nd period - Shot Misses the Net.
11:36 of 2nd period - Bryan McCabe is hit by Brooks Orpik and loses puck.
12:10 of 2nd period - Penalty to Matthew Spiller is over, Matthew Spiller is back on ice.
12:41 of 2nd period - Snap shot by Denis Arkhipov.
12:41 of 2nd period - Goal by Denis Arkhipov - Panthers : 3 - Penguins : 5.
12:42 of 2nd period - Sidney Crosby wins face-off versus Ryan Kesler in neutral zone.
12:55 of 2nd period - Snap shot by Ryan Kesler.
12:55 of 2nd period - Goal by Ryan Kesler - Panthers : 3 - Penguins : 6.
12:56 of 2nd period - Ryan Kesler wins face-off versus Sidney Crosby in neutral zone.
13:10 of 2nd period - Snap shot by Simon Gagné.
13:10 of 2nd period - Stopped by Jeff Deslauriers with a rebound.
13:12 of 2nd period - Slapshot by Sean Zimmerman.
13:12 of 2nd period - Shot Misses the Net.
13:23 of 2nd period - Minor Penalty to Dustin Penner for Hooking.
13:24 of 2nd period - Sidney Crosby wins face-off versus Ryan Kesler in Penguins zone.
13:37 of 2nd period - Wrist shot by Marian Hossa.
13:37 of 2nd period - Stopped by Brian Elliott without a rebound.
13:38 of 2nd period - Sidney Crosby wins face-off versus Ryan Kesler in Penguins zone.
13:39 of 2nd period - Wrist shot by Taylor Hall.
13:39 of 2nd period - Stopped by Brian Elliott with a rebound.
14:07 of 2nd period - Slapshot by Peter Prucha.
14:07 of 2nd period - Shot Misses the Net.
14:09 of 2nd period - Wrist shot by Matthew Spiller.
14:09 of 2nd period - Stopped by Brian Elliott with a rebound.
14:11 of 2nd period - Slapshot by Matthew Spiller.
14:11 of 2nd period - Goal by Matthew Spiller - Panthers : 4 - Penguins : 6.
14:12 of 2nd period - Sidney Crosby wins face-off versus Ryan Kesler in neutral zone.
14:25 of 2nd period - Backhand shot by Ryan Kesler.
14:25 of 2nd period - Stopped by Jeff Deslauriers without a rebound.
14:26 of 2nd period - Sidney Crosby wins face-off versus Ryan Kesler in Panthers zone.
14:33 of 2nd period - Taylor Hall is hit by Sean Zimmerman and loses puck.
14:51 of 2nd period - Peter Prucha is hit by Bobby Ryan.
14:57 of 2nd period - Snap shot by Peter Prucha.
14:57 of 2nd period - Deflect By Scott Gomez.
14:57 of 2nd period - Stopped by Brian Elliott without a rebound.
14:58 of 2nd period - Scott Gomez wins face-off versus Steven Stamkos in Penguins zone.
15:36 of 2nd period - Snap shot by Steven Stamkos.
15:36 of 2nd period - Stopped by Jeff Deslauriers with a rebound.
15:54 of 2nd period - Wrist shot by Bobby Ryan.
15:54 of 2nd period - Stopped by Jeff Deslauriers with a rebound.
16:27 of 2nd period - Wrist shot by Steven Stamkos.
16:27 of 2nd period - Shot Misses the Net.
16:58 of 2nd period - Sidney Crosby is hit by Steven Stamkos and loses puck.
17:05 of 2nd period - Snap shot by Steven Stamkos.
17:05 of 2nd period - Stopped by Jeff Deslauriers with a rebound.
17:57 of 2nd period - Snap shot by Steven Stamkos.
17:57 of 2nd period - Stopped by Jeff Deslauriers without a rebound.
17:58 of 2nd period - Simon Gagné wins face-off versus Scott Gomez in Panthers zone.
18:01 of 2nd period - Wrist shot by Simon Gagné.
18:01 of 2nd period - Shot Misses the Net.
18:10 of 2nd period - Bryan McCabe is hit by Sean Zimmerman and loses puck.
18:13 of 2nd period - Wrist shot by Daniel Paille.
18:13 of 2nd period - Stopped by Brian Elliott with a rebound.
18:25 of 2nd period - Mats Sundin is hit by Steve Sullivan and loses puck.
18:30 of 2nd period - Wrist shot by Steve Sullivan.
18:30 of 2nd period - Stopped by Jeff Deslauriers with a rebound.
18:32 of 2nd period - Snap shot by David Jones.
18:32 of 2nd period - Shot Blocked by Jeff Tambellini.
18:34 of 2nd period - Slapshot by Paul Ranger.
18:34 of 2nd period - Shot Misses the Net.
18:47 of 2nd period - Off-side.
18:48 of 2nd period - Denis Arkhipov wins face-off versus Rickard Wallin in neutral zone.
19:24 of 2nd period - Off-side.
19:25 of 2nd period - Ryan Kesler wins face-off versus Scott Gomez in neutral zone.
19:28 of 2nd period - Slapshot by Dion Phaneuf.
19:28 of 2nd period - Stopped by Jeff Deslauriers without a rebound.
19:29 of 2nd period - Ryan Kesler wins face-off versus Scott Gomez in Panthers zone.
19:50 of 2nd period - Minor Penalty to Bryan McCabe for Slashing.
19:51 of 2nd period - Ryan Kesler wins face-off versus Scott Gomez in Panthers zone.
Goals for this period are 2 for Panthers vs 3 for Penguins.
Shots for this period are 10 for Panthers vs 22 for Penguins.
3rd period
0:01 of 3rd period - Ryan Kesler wins face-off versus Sidney Crosby in neutral zone.
0:08 of 3rd period - Slapshot by Ryan Kesler.
0:08 of 3rd period - Shot Blocked by Steve Montador.
0:46 of 3rd period - Brooks Orpik is hit by Lubomir Visnovsky and loses puck.
1:22 of 3rd period - Slapshot by Matthew Spiller.
1:22 of 3rd period - Shot Misses the Net.
1:50 of 3rd period - Penalty to Bryan McCabe is over, Bryan McCabe is back on ice.
2:20 of 3rd period - Snap shot by Jeff Tambellini.
2:20 of 3rd period - Stopped by Brian Elliott with a rebound.
2:32 of 3rd period - Minor Penalty to Matthew Spiller for Roughing.
2:33 of 3rd period - Marian Hossa wins face-off versus Ryan Kesler in Panthers zone.
4:32 of 3rd period - Penalty to Matthew Spiller is over, Matthew Spiller is back on ice.
4:42 of 3rd period - David Jones is hit by Branko Radivojevic and loses puck.
4:51 of 3rd period - Jeff Tambellini is hit by Steve Sullivan and loses puck.
5:11 of 3rd period - Brendan Smith is hit by Alexander Perezhogin and loses puck.
5:34 of 3rd period - Backhand shot by Mats Sundin.
5:34 of 3rd period - Stopped by Brian Elliott without a rebound.
5:35 of 3rd period - Mats Sundin wins face-off versus Denis Arkhipov in Penguins zone.
6:19 of 3rd period - Brooks Orpik is hit by Ryan Bayda and loses puck.
6:30 of 3rd period - Snap shot by Alexander Perezhogin.
6:30 of 3rd period - Shot Misses the Net.
6:32 of 3rd period - Snap shot by Alexander Perezhogin.
6:32 of 3rd period - Shot Blocked by Brooks Orpik.
7:06 of 3rd period - Oleg Kvasha is hit by Lubomir Visnovsky and loses puck.
7:13 of 3rd period - Snap shot by Sidney Crosby.
7:13 of 3rd period - Stopped by Brian Elliott with a rebound.
7:50 of 3rd period - Off-side.
7:51 of 3rd period - Rickard Wallin wins face-off versus Steven Stamkos in neutral zone.
8:39 of 3rd period - Wrist shot by Scott Gomez.
8:39 of 3rd period - Stopped by Brian Elliott with a rebound.
9:05 of 3rd period - Paul Ranger is hit by Scott Gomez and loses puck.
9:21 of 3rd period - Lubomir Visnovsky is hit by Brooks Orpik and loses puck.
9:27 of 3rd period - Minor Penalty to Dustin Penner for Holding.
9:28 of 3rd period - Ryan Kesler wins face-off versus Sidney Crosby in Penguins zone.
10:33 of 3rd period - Nathan Horton is hit by Sidney Crosby and loses puck.
11:27 of 3rd period - Penalty to Dustin Penner is over, Dustin Penner is back on ice.
11:30 of 3rd period - Icing by Sean Zimmerman.
11:31 of 3rd period - Mats Sundin wins face-off versus Oleg Kvasha in Penguins zone.
11:34 of 3rd period - Slapshot by Jeff Tambellini.
11:34 of 3rd period - Stopped by Brian Elliott with a rebound.
11:36 of 3rd period - Snap shot by Lubomir Visnovsky.
11:36 of 3rd period - Stopped by Brian Elliott with a rebound.
11:44 of 3rd period - Slapshot by Steve Sullivan.
11:44 of 3rd period - Shot Blocked by Nick Schultz.
11:46 of 3rd period - Slapshot by Brendan Smith.
11:46 of 3rd period - Stopped by Jeff Deslauriers with a rebound.
12:17 of 3rd period - Off-side.
12:18 of 3rd period - Denis Arkhipov wins face-off versus Sidney Crosby in neutral zone.
12:34 of 3rd period - Minor Penalty to Denis Arkhipov for Tripping.
12:35 of 3rd period - Ryan Kesler wins face-off versus Sidney Crosby in Penguins zone.
14:01 of 3rd period - Simon Gagné is hit by Sidney Crosby and loses puck.
14:34 of 3rd period - Penalty to Denis Arkhipov is over, Denis Arkhipov is back on ice.
15:08 of 3rd period - Wrist shot by Rickard Wallin.
15:08 of 3rd period - Shot Misses the Net.
15:37 of 3rd period - Wrist shot by Ryan Kesler.
15:37 of 3rd period - Stopped by Jeff Deslauriers without a rebound.
15:38 of 3rd period - Simon Gagné wins face-off versus Branko Radivojevic in Panthers zone.
15:47 of 3rd period - Snap shot by Ryan Kesler.
15:47 of 3rd period - Shot Misses the Net.
15:56 of 3rd period - Off-side.
15:57 of 3rd period - Sidney Crosby wins face-off versus Oleg Kvasha in neutral zone.
15:59 of 3rd period - Marian Hossa is hit by Steve Sullivan and loses puck.
16:13 of 3rd period - Minor Penalty to Oleg Kvasha for Hooking.
16:14 of 3rd period - Sidney Crosby wins face-off versus Ryan Kesler in Penguins zone.
16:45 of 3rd period - Slapshot by Peter Prucha.
16:45 of 3rd period - Shot Misses the Net.
16:47 of 3rd period - Backhand shot by Peter Prucha.
16:47 of 3rd period - Goal by Peter Prucha - Panthers : 5 - Penguins : 6.
16:48 of 3rd period - Steve Sullivan wins face-off versus Mats Sundin in neutral zone.
17:13 of 3rd period - Oleg Kvasha is hit by Lubomir Visnovsky and loses puck.
17:42 of 3rd period - Snap shot by Ryan Kesler.
17:42 of 3rd period - Deflect By Simon Gagné.
17:42 of 3rd period - Shot Misses the Net.
17:42 of 3rd period - Puck is out of play.
17:43 of 3rd period - Ryan Kesler wins face-off versus Mats Sundin in Panthers zone.
17:43 of 3rd period - Ryan Kesler is hit by Steve Montador.
17:53 of 3rd period - Snap shot by Nathan Horton.
17:53 of 3rd period - Shot Misses the Net.
18:14 of 3rd period - Paul Ranger is hit by Steve Montador and loses puck.
18:28 of 3rd period - Minor Penalty to Taylor Hall for Hooking.
18:29 of 3rd period - Sidney Crosby wins face-off versus Steven Stamkos in Panthers zone.
19:18 of 3rd period - Icing by Simon Gagné.
19:19 of 3rd period - Ryan Kesler wins face-off versus Sidney Crosby in Penguins zone.
19:34 of 3rd period - Wrist shot by Steven Stamkos.
19:34 of 3rd period - Stopped by Jeff Deslauriers with a rebound.
19:40 of 3rd period - Wrist shot by Peter Prucha.
19:40 of 3rd period - Shot Misses the Net.
Goals for this period are 1 for Panthers vs 0 for Penguins.
Shots for this period are 7 for Panthers vs 3 for Penguins.
Back to the Top